 Dungeon Crawl Stone Soup version 0.28-a0-779-g3d1f99b579 (webtiles) character file.

Game seed: 6627991266315940315

121 siradein the Ruffian (level 4, -14/42 HPs)
             Began as a Troll Transmuter on Nov 2, 2021.
             Was an Initiate of Qazlal.
             Killed from afar by Ijyb (23 damage)
             ... with a bolt of acid
             ... on level 3 of the Dungeon.
             The game lasted 00:06:43 (1496 turns).

siradein the Ruffian (Troll Transmuter)             Turns: 1496, Time: 00:06:43

Health: -14/42     AC:  4    Str: 18    XL:     4   Next: 76%
Magic:  14/14      EV: 10    Int: 10    God:    Qazlal [......]
Gold:   55         SH:  0    Dex: 10    Spells: 3/6 levels left

rFire   . . .      SeeInvis .     - Unarmed
rCold   . . .      Faith    .   (no shield)
rNeg    + . .      Spirit   .   a - +0 robe
rPois   .          Reflect  .   (helmet restricted)
rElec   .          Harm     .   (no cloak)
rCorr   .          Rampage  .   (gloves unavailable)
Will    .....                   (boots unavailable)
Stlth   +.........              (no amulet)
HPRegen 1.14/turn               f - ring of positive energy
MPRegen 0.14/turn               o - ring of magical power

@: no status effects
A: large, unfitting armour, claws 3, regeneration 1, shaggy fur 1, tough skin 1
a: Renounce Religion


You were on level 3 of the Dungeon.
You worshipped Qazlal.
Qazlal was noncommittal.
You visited 1 branch of the dungeon, and saw 3 of its levels.

You collected 55 gold pieces.

Inventory:

Missiles
 l - 3 poisoned darts
Armour
 a - a +0 robe (worn)
Jewellery
 f - a ring of positive energy (left claw)
 o - a ring of magical power (right claw)
Scrolls
 b - a scroll of teleportation {unknown}
 g - a scroll of immolation {unknown}
 k - 2 scrolls of acquirement {unknown}
 m - a scroll of noise {unknown}
 n - a scroll of enchant armour {unknown}
 p - a scroll of identify {unknown}
Potions
 c - a potion of cancellation {unknown}
 d - a potion of might {unknown}
 e - a potion of heal wounds {unknown}
 h - a potion of curing {unknown}
 i - a potion of degeneration {unknown}
 j - a potion of resistance


   Skills:
 + Level 1.7 Fighting
 + Level 2.3 Dodging
 + Level 3.6 Unarmed Combat
 + Level 1.7 Spellcasting
 + Level 2.1 Transmutations
 + Level 0.0 Invocations


You had 3 spell levels left.
You knew the following spells:

 Your Spells              Type           Power      Damage    Failure   Level
a - Beastly Appendage     Tmut           10%        N/A       14%         1
b - Wereblood             Tmut           5%         N/A       21%         2

Your spell library contained the following spells:

 Spells                   Type           Power      Damage    Failure   Level
 Slow                     Hex            0%         N/A       32%         1
 Spider Form              Tmut/Pois      3%         N/A       52%         3
 Confusing Touch          Hex            0%         N/A       67%         3
 Ice Form                 Ice/Tmut       3%         N/A       90%         4
 Yara's Violent Unravell  Hex/Tmut       1%         3d3       99%         5


Dungeon Overview and Level Annotations

Branches:
Dungeon (3/15)

Altars:
Qazlal

Shops:
D:1 *

Annotations:
D:3 Ijyb


Innate Abilities, Weirdness & Mutations

You are too large for most types of armour.
You have claws for hands.
Your natural rate of healing is unusually fast.
You are covered in fur. (AC +1)
You have tough skin. (AC +1)


Message History

Ijyb is lightly wounded.
Ijyb barely misses you.
You barely miss Ijyb.
Ijyb is lightly wounded.
You barely miss Ijyb.
Ijyb is lightly wounded.
Ijyb zaps a wand.
The bolt of acid hits you!!
Ouch! That really hurt!
* * * LOW HITPOINT WARNING * * *
You are too injured to fight recklessly!
You are too injured to fight recklessly!
You closely miss Ijyb.
Ijyb is lightly wounded.
Ijyb barely misses you.
You closely miss Ijyb.
Ijyb is lightly wounded.
Ijyb hits you with a +0 club.
* * * LOW HITPOINT WARNING * * *
You barely miss Ijyb.
Ijyb is lightly wounded.
Ijyb hits you but does no damage.
You completely miss Ijyb.
Ijyb is lightly wounded.
Ijyb hits you with a +0 club.
* * * LOW HITPOINT WARNING * * *
You scratch Ijyb.
Ijyb is moderately wounded.
Ijyb misses you.
You scratch Ijyb.
Ijyb is heavily wounded.
Ijyb closely misses you.
You scratch Ijyb but do no damage.
Ijyb is heavily wounded.
Ijyb hits you with a +0 club.
* * * LOW HITPOINT WARNING * * *
You scratch Ijyb.
Ijyb is heavily wounded.
Ijyb zaps a wand.
The bolt of acid hits you!!
Ouch! That really hurt!
You die...

####....... ......
#....... ......
#....... ...... ####
#....... ......###..
#....... ..........#
#....... ..........#
#....... ......g...#
#####....... #....@..#
#...#.......
#....!..###...#.......
#..........!..........
#........##...#.......
##.###...##...#.......
#. #...##...#....).. #
#...######.......
#...# #....... #...#
#....(..


You could see Ijyb.

Vanquished Creatures
  A howler monkey (D:3)
  3 adders (D:2)
  An adder skeleton (D:2)
  A dart slug (D:3)
  5 orcs (D:3)
  2 bats (D:2)
  2 endoplasms
  2 giant cockroaches (D:3)
  5 goblins
  3 hobgoblins
  2 jackals (D:1)
  A quokka (D:1)
  3 ball pythons
  7 frilled lizards
  3 kobolds (D:2)
  8 rats
49 creatures vanquished.

Notes
Turn   | Place    | Note
-------+----------+-------------------------------------------
     0 | D:1      | siradein the Troll Transmuter began the quest for the Orb.
     0 | D:1      | Reached XP level 1. HP: 18/18 MP: 1/1
    31 | D:1      | Found Cuiloaxt's Assorted Antiques.
   136 | D:1      | Reached skill level 1 in Fighting
   144 | D:1      | Reached XP level 2. HP: 27/27 MP: 3/3
   147 | D:1      | Learned a level 2 spell: Wereblood
   254 | D:1      | You fall into a shaft and drop 1 floor!
   390 | D:2      | Found a faded altar of an unknown god.
   424 | D:2      | Reached XP level 3. HP: 33/33 MP: 4/4
  1159 | D:3      | Reached XP level 4. HP: 30/41 MP: 3/5
  1329 | D:3      | Found a stormy altar of Qazlal.
  1349 | D:3      | Became a worshipper of Qazlal Stormbringer
  1482 | D:3      | Noticed Ijyb
  1496 | D:3      | Killed from afar by Ijyb

Illustrated notes

Levels and vault maps discovered:
D:1:      evilmike_arrival_grusome_pit, layout_rooms, serial_shops, shop
D:2:      layout_loops_cross, shapermc_ecumenical_altar_mp_urbaneastern,
          minmay_lizard_pond
D:3:      layout_basic, nicolae_qazlal_scattered_showers, uniq_ijyb

Skill      XL: |  1  2  3  4 |
---------------+-------------+-----
Fighting       | 1 |  1.7
Dodging        | 2 |  2.3
Transmutations | 2 |  2.1
Unarmed Combat | |  3.6
Spellcasting   | |  1.7

Action                   |  1- 3 |  4- 6 || total
-------------------------+-------+-------++-------
Melee: Unarmed           |    85 |    36 ||   121
       Kick              |     2 |     1 ||     3
       Headbutt          |       |     1 ||     1
 Cast: Beastly Appendage |     2 |     1 ||     3
       Wereblood         |       |     1 ||     1
Armor: Robe              |    28 |     6 ||    34
Dodge: Dodged            |    27 |    10 ||    37

Table legend: (Time is in decaauts)
 A = Elapsed time spent in this place.
 B = Non-inter-level travel time spent in this place.
 C = Inter-level travel time spent in this place.
 D = Time resting spent in this place.
 E = Time spent auto-exploring this place.
 F = Levels seen in this place.
 G = Mean time per level.
                   A        B        C        D        E       F      G
               +--------+--------+--------+--------+--------+-----+--------+
         Total |   1491 |   1396 |     95 |      0 |   1104 |   3 |  497.0 |
       Dungeon |   1491 |   1396 |     95 |      0 |   1104 |   3 |  497.0 |
               +--------+--------+--------+--------+--------+-----+--------+

Top non-repeatable levels by time:
     D:2: 662 daAuts
     D:1: 485 daAuts
     D:3: 343 daAuts
